Frizzbo, chaotic female elven Rogue --- ---- ------- --.----- ----- ---..----.--..| ----......---- |...--- ----......|......| --............| |.....| ---- ---- -------...............-- |.............| |.....| --..------ |..| --....................^| ---------............-- |....-- |........| |..| |......----..|.|.......--|.....................| --.--- |........---)---------..--..---------........--.--....@a...........-- |.| --......(...[..((.....)..)......................---.....).........-- |.| --.--..---..--------------..---------....>...................--...-- |.| |..||..........-- ------.....| -.|..................d..-||.^..-- |.| |..--...........| |..........| ..|--.......--........-..--.....| |.| |-..............| --.)....---- --- |...--.----............(....| |.| |.............--- ---<...| -.---|.. ---.............--- |.| |..........---- |..--- ..| --- ----.--.......| |.--- ---.........-- ---- --- -----......--- |...--|..........-- ---......| |....--.--.......| --.|...| |.......||.......| ----.-- ---.-------.---.-- --- --- --- --- Frizzbo the Rogue Experience level: 7 Strength: 15 Dexterity: 18 Constitution: 15 Intelligence: 9 Wisdom: 12 Charisma: 8 Health: 0(57) Energy: 42(42) Def: 6 Gold: 33 Moves: 5274 Dungeon seed: 4A1QvHXn6dJZejFd Game ID: Frizzbo_1467298867 Your Inventory: Coins $ - 33 gold pieces Weapons b - the uncursed +0 Sting (weapon in hand) k - 9 uncursed +0 elven daggers (in quiver) Armor Q - an uncursed +0 small shield (being worn) U - an uncursed +0 pair of low boots (being worn) Y - an uncursed +0 dwarvish cloak (being worn) Z - an uncursed +0 elven mithril-coat (being worn) Comestibles z - an uncursed food ration Scrolls j - an uncursed scroll of fire F - an uncursed scroll of scare monster R - an uncursed scroll of blank paper X - an uncursed scroll of create monster Wands c - an uncursed wand of lightning (0:3) d - an uncursed wand of striking (0:3) h - an uncursed wand of opening (0:3) p - an uncursed wand of speed monster (0:7) q - an uncursed wand of secret door detection (0:11) x - an uncursed wand of magic missile (0:7) G - an uncursed wand of digging (0:2) L - an uncursed wand of speed monster (0:3) O - an uncursed wand of probing (0:2) T - an uncursed wand of striking (0:3) Tools a - a cursed tallow candle (0:200) f - an uncursed skeleton key g - an uncursed blindfold i - an uncursed leash r - an uncursed towel s - an uncursed sack w - an uncursed tin whistle Gems e - an uncursed aquamarine stone n - an uncursed chrysoberyl stone y - an uncursed worthless piece of black glass M - 3 uncursed worthless pieces of white glass N - an uncursed turquoise stone V - 4 uncursed worthless pieces of green glass W - 2 uncursed worthless pieces of blue glass Contents of the sack: 410 gold pieces a blessed scroll of enchant armor an uncursed scroll of enchant armor a cursed scroll of enchant armor a blessed scroll of fire 2 uncursed scrolls of gold detection an uncursed scroll of identify a cursed scroll of remove curse 2 uncursed scrolls of teleportation an uncursed scroll of water an uncursed spellbook of force bolt an uncursed potion of blindness an uncursed potion of fruit juice an uncursed potion of gain ability a cursed potion of gain ability an uncursed potion of gain level 2 uncursed potions of hallucination an uncursed potion of healing 2 uncursed potions of sickness Spells and supernatural/magical abilities: Name Level Category Fail Memory a - force bolt 1 attack 100% 91% x - extra healing 3 healing 100% 88% z - sleep 1 enchantment 100% 98% W - pray for help -- divine ? -- Your skills at the end: Miscellaneous Skills wands [Basic] Weapon Skills dagger [Expert] short sword [Basic] Spellcasting Skills Final Attributes: You were piously aligned. You were sleep resistant. You were telepathic. You were aware of the presence of orcs. You had infravision. You were stealthy. You were fast. You are dead. Vanquished creatures: 3 small mimics a gnome king a human zombie 2 soldier ants an orc shaman 3 rock piercers a pony 2 fog clouds a yellow light 4 gnome lords a gnomish wizard a paper golem a little dog 6 floating eyes a kitten 7 dwarves 6 iguanas 3 rothes 2 giant bats a dwarf zombie a werejackal 4 hobbits 3 large kobolds 3 geckos 3 hobgoblins a giant rat a cave spider a brown mold 4 yellow molds 2 red molds 24 gnomes 9 jackals 3 kobolds 4 newts 2 goblins 5 grid bugs 5 lichens 3 kobold zombies 126 creatures vanquished. Voluntary challenges: You did not adorn yourself with jewelry or accessories. You used a wielded weapon 146 times, starting on turn 133. You did not apply a unicorn horn. You read items or engraved 32 times, starting on turn 213. You never genocided any monsters. You never polymorphed an object. You never changed form. You used no wishes. You never split a pudding. You never wrote Elbereth's name. You never violated your personal moral code. Dungeon overview: The Dungeons of Doom: levels 1 to 5 Level 1 a fountain a long staircase Level 2 a sink stairs to The Gnomish Mines Level 3 a general store, some fountains Level 4 a general store Level 5 a fountain, a sink The Gnomish Mines: levels 3 to 5 Level 3 stairs to The Dungeons of Doom Level 4 Level 5 <- You were here History has recorded: On T:1 you entered the Dungeons of Doom to retrieve the Amulet of Yendor! On T:322 you advanced to experience level 2. On T:541 you reached level 2 of The Dungeons of Doom. On T:703 you advanced to experience level 3. On T:958 you reached level 3 of The Dungeons of Doom. On T:1121 you advanced to experience level 4. On T:2210 you advanced to experience level 5. On T:2971 you reached level 4 of The Dungeons of Doom. On T:3398 you reached level 5 of The Dungeons of Doom. On T:3618 you reached level 1 of The Gnomish Mines. On T:3660 you advanced to experience level 6. On T:4389 you reached level 2 of The Gnomish Mines. On T:5076 you reached level 3 of The Gnomish Mines. On T:5100 you advanced to experience level 7. Score breakdown: Gold: 443 ( 44 points) Experience: 7 levels ( 600 points) Exploration: 5 levels ( 120 points) Discoveries: 13 items ( 650 points) Variety of kills: 38 monsters ( 1900 points) Major goal: (nothing yet) ( 0 points) Survival: died (score multiplied by 3) Total score: 9942 Latest messages: The 2nd elven dagger hits the soldier ant! The 3rd elven dagger hits the soldier ant. The 4th elven dagger hits something! You kill the soldier ant! k - 4 uncursed +0 elven daggers (in quiver). You throw 2 elven daggers. The 1st elven dagger hits the soldier ant! The 2nd elven dagger hits the soldier ant. The soldier ant bites! The soldier ant misses. You kill the soldier ant! The soldier ant just misses! The soldier ant stings! The soldier ant misses. The soldier ant stings! k - 3 uncursed +0 elven daggers (in quiver). The elven dagger hits the soldier ant! The soldier ant bites! The soldier ant misses. The elven dagger hits the soldier ant. The soldier ant bites! You die... Final status: Goodbye Frizzbo the Rogue, killed by a soldier ant... You died in The Gnomish Mines on dungeon level 5 with 9942 points, and 443 pieces of gold, after 5274 moves. You were level 7 with a maximum of 57 hit points when you died.